Map: Cyber Forest LE

Players

Harstem - Winner!

  • Race: Protoss Protoss
  • Spawn Location: 5:00

TLO

  • Race: Zerg Zerg
  • Spawn Location: 11:00

Event: 2019 WCS Spring

VOD

Have the link to the VOD?

Description

Time

  • Played on: May 17, 2019, 2:22 p.m.
  • Length: 12:24

All games in this series

Show
View Real Time Build Order
Export as new Build Order

Harstem Protoss - Winner!

Build Orders:  

Get SALT Encoding   

  12  0:00  Probe  
  13  0:12  Probe  
  14  0:18  Pylon  
  14  0:24  Probe  
  15  0:33  Probe  
  15  0:41  Probe, Gateway  
  17  0:50  Assimilator  
  17  0:52  Probe  
  18  1:04  Probe  
  19  1:16  Probe  
  20  1:28  Cybernetics Core  
  20  1:29  Zealot  
  20  1:31  Probe, Pylon  
  23  1:49  Probe  
  24  1:55  Adept  
  25  2:01  Probe  
  27  2:13  Probe  
  27  2:15  Pylon  
  27  2:25  Stalker, Probe  
  27  2:29  Gateway  
  30  2:42  Probe  
  31  2:48  Assimilator  
  31  2:50  Shield Battery  
  29  2:54  Probe  
  29  2:56  Shield Battery  
  28  3:07  Pylon  
  28  3:11  Zealot  
  27  3:13  Cybernetics Core  
  29  3:21  Zealot  
  32  3:46  Gateway  
  34  3:52  Stalker, Robotics Facility  
  34  3:53  Stalker  
  33  4:00  Shield Battery  
  31  4:14  Pylon  
  31  4:17  Pylon  
  31  4:22  Shield Battery  
  30  4:30  Immortal  
  30  4:32  Stalker  
  32  4:40  Warp Gate  
  32  4:42  Sentry  
  38  4:50  Pylon  
  38  5:15  Sentry  
  38  5:16  Sentry  
  38  5:18  Nexus  
  38  5:19  Observer, Phoenix  
  42  5:22  Probe  
  44  5:34  Probe  
  45  5:41  Immortal  
  49  5:51  Pylon  
  49  5:53  Probe  
  50  5:58  Phoenix  
  50  6:05  Probe  
  51  6:14  Warp Prism  
  51  6:17  Probe  
  54  6:30  Sentry  
  54  6:31  Stalker  
  54  6:32  Probe  
  59  6:36  Probe  
  60  6:44  Probe  
  60  6:45  Immortal  
  61  6:48  Probe  
  66  6:55  Stalker  
  66  6:56  Probe  
  70  7:11  Probe  
  70  7:14  Forge  
  70  7:15  Sentry  
  72  7:17  Probe  
  72  7:19  Sentry  
  75  7:23  Probe  
  75  7:27  Pylon  
  77  7:33  Pylon  
  76  7:42  Immortal  
  76  7:45  Probe x2  
  76  7:47  Pylon  
  76  7:50  Assimilator  
  81  7:57  Probe  
  82  8:01  Probe  
  82  8:05  Protoss Ground Weapons Level 1  
  83  8:09  Probe  
  84  8:13  Probe  
  84  8:15  Twilight Council  
  84  8:18  Assimilator  
  84  8:19  Immortal  
  85  8:21  Probe  
  85  8:25  Probe  
  91  8:33  Probe  
  92  8:43  Stalker x2  
  92  8:44  Probe  
  92  8:46  Probe  
  92  8:48  Pylon  
  98  8:55  Dark Shrine  
  98  8:59  Nexus  
  98  9:06  Probe  
  98  9:07  Zealot x2  
  98  9:09  Probe  
  99  9:16  Charge  
  88  9:18  Probe  
  80  9:44  Stargate  
  80  9:48  Nexus  
  80  9:49  Probe  
  81  9:55  Probe  
  81  9:58  Zealot x2  
  86  10:11  Nexus  
  86  10:15  Probe  
  86  10:19  Dark Templar  
  86  10:20  Dark Templar  
  86  10:21  Phoenix  
  83  10:38  Phoenix  
  83  10:40  Probe  
  83  10:42  Shield Battery  
  82  10:43  Shield Battery  
  82  10:52  Stargate  
  82  10:53  Dark Templar x2, Pylon  
  82  10:56  Probe  
  87  10:57  Phoenix, Probe  
  87  11:02  Archon  
  88  11:10  Pylon  
  89  11:16  Phoenix  
  89  11:17  Probe  
  92  11:27  Probe  
  92  11:29  Probe  
  92  11:32  Dark Templar  
  92  11:33  Dark Templar  
  92  11:35  Probe  
  92  11:37  Archon  
  97  11:41  Gateway  
  97  11:42  Probe  
  98  11:47  Probe  
  98  11:48  Phoenix  
  98  11:50  Phoenix  
  103  12:03  Shield Battery  
  103  12:11  Sentry  
  103  12:12  Dark Templar  
Show
View Real Time Build Order
Export as new Build Order

TLO Zerg 

Build Orders: Pool First, Ravager All-In 

Get SALT Encoding   

  12  0:00  Drone  
  13  0:12  Overlord  
  13  0:16  Drone  
  14  0:30  Drone  
  14  0:31  Drone  
  16  0:35  Drone  
  17  0:47  Spawning Pool  
  16  0:51  Drone  
  17  1:14  Hatchery  
  17  1:16  Extractor  
  15  1:19  Drone  
  15  1:22  Drone  
  17  1:34  Zergling x4  
  19  1:40  Zergling x2  
  19  1:45  Roach Warren  
  19  1:51  Zergling x2  
  20  2:02  Overlord  
  20  2:25  Roach x2  
  20  2:26  Roach  
  24  2:39  Roach  
  26  2:49  Roach, Queen  
  30  2:59  Overlord, Roach  
  27  3:15  Zergling x2  
  27  3:18  Ravager  
  27  3:19  Roach  
  32  3:29  Roach  
  31  3:35  Hatchery  
  31  3:38  Drone  
  31  3:43  Ravager  
  33  3:50  Queen  
  32  3:56  Drone  
  32  3:57  Ravager  
  32  3:58  Drone  
  32  4:01  Drone  
  35  4:10  Drone  
  35  4:11  Drone  
  37  4:19  Overlord  
  37  4:28  Drone  
  38  4:37  Queen  
  40  4:39  Ravager, Drone  
  42  4:47  Drone  
  42  4:51  Drone  
  42  4:52  Drone  
  45  4:53  Drone  
  45  4:55  Ravager  
  45  4:57  Drone  
  43  5:02  Drone  
  43  5:05  Drone  
  43  5:06  Drone x2  
  47  5:09  Drone x2  
  49  5:20  Roach  
  51  5:22  Overlord  
  51  5:30  Lair  
  51  5:31  Extractor  
  51  5:32  Roach  
  52  5:36  Overlord  
  52  5:42  Drone x4  
  56  5:43  Roach  
  56  5:45  Drone  
  59  5:52  Zergling x2  
  59  5:53  Overlord  
  59  5:55  Zergling x2  
  61  6:02  Hatchery  
  61  6:03  Drone  
  61  6:05  Extractor  
  61  6:06  Drone  
  61  6:07  Drone  
  61  6:10  Drone  
  63  6:11  Zergling x2  
  63  6:15  Roach  
  63  6:17  Drone x2  
  68  6:21  Spore Crawler  
  68  6:25  Roach x2  
  71  6:30  Roach  
  71  6:32  Overseer  
  73  6:36  Zergling x2  
  73  6:37  Glial Reconstitution  
  73  6:38  Extractor  
  73  6:40  Zergling x2  
  73  6:44  Roach, Spine Crawler  
  75  6:49  Overlord  
  75  6:51  Overlord  
  75  6:54  Overlord  
  75  6:59  Metabolic Boost  
  75  7:05  Overlord  
  75  7:10  Ravager  
  75  7:11  Zergling x4  
  75  7:13  Zergling x6  
  81  7:16  Roach  
  81  7:19  Ravager  
  81  7:22  Roach  
  86  7:23  Roach  
  86  7:26  Ravager  
  86  7:29  Roach  
  91  7:32  Roach  
  91  7:34  Roach  
  91  7:37  Roach  
  96  7:39  Roach  
  96  7:41  Roach  
  100  7:44  Roach  
  100  7:46  Zergling x2  
  100  7:49  Roach  
  105  7:52  Roach  
  107  8:01  Overlord  
  107  8:10  Hatchery  
  107  8:12  Drone  
  107  8:19  Infestation Pit, Roach  
  108  8:23  Roach  
  110  8:41  Drone  
  107  8:43  Drone  
  107  8:45  Spire  
  107  8:46  Roach x3  
  113  8:49  Ravager x2  
  116  9:09  Overlord  
  114  9:10  Roach  
  114  9:12  Overlord  
  111  9:23  Overlord x4  
  104  9:30  Zergling x2  
  104  9:31  Zergling x10  
  92  9:38  Hatchery  
  83  9:48  Overseer  
  83  9:58  Mutalisk x7  
  96  10:13  Mutalisk  
  96  10:14  Mutalisk  
  96  10:18  Mutalisk  
  98  10:22  Drone x2  
  98  10:24  Drone  
  98  10:25  Drone  
  98  10:27  Overseer  
  98  10:30  Drone  
  98  10:31  Drone  
  98  10:33  Drone  
  97  10:47  Spore Crawler, Roach  
  98  10:52  Mutalisk  
  100  11:02  Mutalisk  
  102  11:07  Mutalisk  
  97  11:18  Mutalisk  
  99  11:27  Mutalisk  
  99  11:29  Roach  
  101  11:33  Zergling x2  
  101  11:34  Zergling x12  
  106  11:50  Roach x2  
  106  11:51  Hatchery  
  109  11:56  Roach  
  109  11:57  Roach  
  109  12:00  Roach  
Tags
 
Add a new tag
Caveats
  • Supply blocks, unpowered buildings, or Contaminate may cause inaccurate times.
  • Supply counts are checked every 10 seconds.